 Dungeon Crawl Stone Soup version 0.17-a0-2074-gaf3f87d (webtiles) character file.

54 Morbidden the Magician (level 3, 0/31 HPs)
             Began as an Octopode Wizard on Oct 14, 2015.
             Slain by a worm (6 damage)
             ... on level 2 of the Dungeon.
             The game lasted 00:09:14 (2099 turns).

Morbidden the Magician (Octopode Wizard)            Turns: 2099, Time: 00:09:14

Health: 0/31       AC: 21    Str:  6    XL:     3   Next: 91%
Magic:  1/8        EV:  2    Int: 21    God:
Gold:   149        SH:  0    Dex: 10    Spells: 2 memorised, 6 levels left

rFire  + . .     SeeInvis .     (no weapon)
rCold  + . .     Clarity  .     (no shield)
rNeg   + + +     SustAt   .     (helmet currently unavailable)
rPois  +         Gourm    .     (no amulet)
rElec  +         Spirit   .     (no ring)
rCorr  +         Warding  .     (no ring)
rMut   .         NoTele   +     (no ring)
MR     .....                    (no ring)
Stlth  +++.......               (no ring)
                                (no ring)
                                (no ring)
                                (no ring)

@: lethally poisoned (0 -> -1), tree-form, resistant, very slightly
contaminated, not resistant to hostile enchantments, fairly stealthy
A: almost no armour, amphibious, 8 rings, (constrict 8), (camouflage 0),
(gelatinous body 0)
a: no special abilities


You were on level 2 of the Dungeon.
You were hungry.
You were a tree.
You visited 1 branch of the dungeon, and saw 2 of its levels.

You collected 149 gold pieces.

Inventory:

Armour
 a - a +0 hat (melded)
Jewellery
 d - an uncursed ring of ice
Scrolls
 e - a scroll of immolation {unknown}
 f - a scroll of teleportation {unknown}
 j - a scroll of identify {unknown}
Potions
 g - a potion of lignification
Books
 b - a book of Minor Magic

   Spells                             Type                      Level
   a - Magic Dart                     Conjuration                  1
   b - Blink                          Translocation                2
   c - Call Imp                       Summoning                    2
   d - Repel Missiles                 Charms/Air                   2
   e - Slow                           Hexes                        2
   f - Conjure Flame                  Conjuration/Fire             3
   g - Mephitic Cloud                 Conjuration/Poison/Air       3
Comestibles
 c - 2 bread rations


   Skills:
 + Level 2.6 Dodging
 - Level 3.0 Stealth
 * Level 3.7 Spellcasting
 * Level 1.7 Conjurations
   Level 1.0 Summonings
 + Level 1.0 Translocations


You had 6 spell levels left.
You knew the following spells:

 Your Spells              Type           Power        Failure   Level  Hunger
a - Magic Dart            Conj           ##..         8%          1    None
s - Blink                 Tloc           N/A          14%         2    ##.....


Dungeon Overview and Level Annotations

Branches:
Dungeon (2/15)

Altars:


Innate Abilities, Weirdness & Mutations

You cannot wear most types of armour.
You are amphibious.
You can wear up to eight rings at the same time.
((You can use your tentacles to constrict eight enemies at once.))
((Your skin changes colour to match your surroundings (Stealth).))
((Your rubbery body absorbs attacks (AC +1).))


Message History

Your +0 hat melds into your body.
Your roots penetrate the ground.
The adder bites you.
* * * LOW HITPOINT WARNING * * *
You hit the adder but do no damage.
The adder is almost dead.
The adder bites you but does no damage.
You hit the adder.
The adder is almost dead.
You feel sick. The adder barely misses you.
You hit the adder.
You kill the adder!
Drink which item? (? for menu, Esc to quit)
It was a potion of flight.
Your roots keep you in place.
Drink which item? (? for menu, Esc to quit)
It was a potion of resistance.
You feel protected.
You smack the worm!
The worm is heavily wounded.
You feel sick. The worm bites you.
You die...

##.#...#.# #...#....
##.......######........#
##......................
##......................
##............†.........
###.....#.#####........#
# #....##.# #.......(.#
###....##.# #.......###
.##.##.##.# #...♣...#
###.##.##.# ###.w.### #
#..)....# ##...#######
######.#### #........!..
.......# #.#.#.......
######## #.#.#.......
.........#.. .#.#......#
. ..#.#.#..#...


You could see a worm.

Vanquished Creatures
  2 adders (D:2)
  2 oozes
  A giant gecko (D:1)
  4 bats (D:1)
  A giant cockroach (D:2)
  4 hobgoblins
  2 giant newts (D:1)
  A goblin (D:1)
  4 kobolds (D:1)
  6 rats
27 creatures vanquished.

Notes
Turn   | Place    | Note
--------------------------------------------------------------
     0 | D:1      | Morbidden the Octopode Wizard began the quest for the Orb.
     0 | D:1      | Reached XP level 1. HP: 11/11 MP: 4/4
   141 | D:1      | Reached XP level 2. HP: 15/17 MP: 0/6
  1354 | D:1      | Reached XP level 3. HP: 21/21 MP: 4/8
  1629 | D:1      | Learned a level 2 spell: Blink
  2099 | D:2      | Slain by a worm

Vault maps used:
D:1:      ncdulo_halloftheorcs, serial_co_window_serial, co_window_corner_a,
          co_window_paths_a, co_window_paths_b, co_window_paths_b,
          co_window_paths_a, co_window_paths_b, co_window_of_opportunity_a,
          co_window_paths_b, co_window_corner_a, co_window_corner_b,
          co_window_cross_4, co_window_paths_c, co_window_2corner,
          co_window_corner_b, co_window_corner_ca, glass_columns_b,
          glass_columns_c, glass_columns_c
D:2:      grunt_decor_resistance

Action                   || total
-------------------------++-------
Melee: Unarmed           ||    56
 Cast: Magic Dart        ||    72
       Blink             ||     2
  Use: Potion            ||     3
  Eat: Chunk             ||     3
